 Dungeon Crawl Stone Soup version 0.27-a0-1065-ge809cff456 (webtiles) character file.

Game seed: 10046037718653172382

91 Orlauf the Chopper (level 4, -2/35 HPs)
             Began as a Demonspawn Gladiator on Apr 23, 2021.
             Slain by a gnoll
             ... wielding a +0 halberd
              (7 damage)
             ... on level 2 of the Dungeon.
             The game lasted 00:02:03 (1891 turns).

Orlauf the Chopper (Demonspawn Gladiator)           Turns: 1891, Time: 00:02:04

Health: -2/35      AC:  7    Str: 15    XL:     4   Next: 34%
Magic:  4/4        EV: 16    Int: 10    God:
Gold:   96         SH:  0    Dex: 14    Spells: 3/3 levels left

rFire    . . .     SeeInvis .   a - +0 war axe
rCold    . . .     Faith    .   (no shield)
rNeg     . . .     Spirit   .   b - +0 leather armour
rPois    .         Reflect  .   c - +0 helmet
rElec    .         Harm     .   (no cloak)
rCorr    .         Rampage  .   (no gloves)
Will     .....                  (no boots)
Stlth    +.........             (no amulet)
HPRegen  0.11/turn              e - +4 ring of evasion
MPRegen  0.09/turn              (no ring)

@: no status effects
A: yellow scales 2
a: no special abilities


You were on level 2 of the Dungeon.
You visited 1 branch of the dungeon, and saw 2 of its levels.

You collected 96 gold pieces.

Inventory:

Hand Weapons
 a - a +0 war axe (weapon)
Missiles
 d - 3 throwing nets (quivered)
Armour
 b - a +0 leather armour (worn)
 c - a +0 helmet (worn)
Jewellery
 e - a +4 ring of evasion (left hand)
Potions
 f - a potion of curing


   Skills:
 + Level 3.1 Fighting
 * Level 4.2 Axes
 - Level 1.7 Throwing
 - Level 2.6 Dodging


You had 3 spell levels left.
You didn't know any spells.
Your spell library contained the following spells:

 Spells                   Type           Power      Damage    Failure   Level
 Animate Skeleton         Necr           0%         N/A       43%         1
 Pain                     Necr           0%         1d4       43%         1
 Vampiric Draining        Necr           0%         2d6       80%         3
 Animate Dead             Necr           0%         N/A       99%         4
 Agony                    Necr           0%         N/A       100%        5


Dungeon Overview and Level Annotations

Branches:
Dungeon (2/15)

Altars:


Innate Abilities, Weirdness & Mutations

You are mostly covered in yellow scales. (AC +3)


Message History

The gnoll closely misses you. The gnoll completely misses you.
The gnoll hits you but does no damage.
The gnoll hits you from afar with a +0 halberd!
The gnoll hits you with a +0 halberd!
You see here a +0 whip.
You are too injured to fight recklessly!
You are too injured to fight recklessly!
You are too injured to fight recklessly!
You are too injured to fight recklessly!
You are too injured to fight recklessly!
You are too injured to fight recklessly!
You are too injured to fight recklessly!
You are too injured to fight recklessly!
You are too injured to fight recklessly!
You are too injured to fight recklessly!
You are too injured to fight recklessly!
You are too injured to fight recklessly!
You are too injured to fight recklessly!
You are too injured to fight recklessly!
You are too injured to fight recklessly!
You are too injured to fight recklessly!
You are too injured to fight recklessly!
It was a potion of heal wounds.
You feel much better. The gnoll closely misses you.
The gnoll hits you from afar with a +0 halberd.
The gnoll completely misses you.
You closely miss the gnoll. You hit the gnoll.
The gnoll hits you but does no damage. The gnoll completely misses you.
The gnoll misses you.
You hit the gnoll but do no damage. You hit the gnoll.
The gnoll closely misses you.
The gnoll hits you from afar with a +0 halberd!
The gnoll hits you with a +0 halberd!
* * * LOW HITPOINT WARNING * * *
The gnoll completely misses you.
You hit the gnoll.
You kill the gnoll!
You hit the gnoll. The gnoll closely misses you. The gnoll misses you.
The gnoll hits you from afar with a +0 halberd!
You die...

###########.######
# #.............#
.. ...####.###.###
#..####+### #.#
#.######
#.........# #.#
#.......
#.........# #.#
#######.
#.....†...###.# #.
...####....!..# #.
.......@......# #.
#..####gS###..#
#######.
#g.......#
#.......
#...###.##
#....... ......
..# #.......
..........#
#.......
#.#..#.....
#....... #.#......
########


You could see 2 gnolls and a ball python.

Vanquished Creatures
  Robin (D:2)
  2 gnolls (D:2)
  A dart slug (D:1)
  8 ball pythons
  4 bats
  5 endoplasms
  2 giant cockroaches (D:1)
  12 goblins
  5 hobgoblins
  4 jackals (D:2)
  7 kobolds
  2 quokkas (D:1)
  A frilled lizard (D:1)
  8 rats
62 creatures vanquished.

Notes
Turn   | Place    | Note
-------+----------+-------------------------------------------
     0 | D:1      | Orlauf the Demonspawn Gladiator began the quest for the
                  | Orb.
     0 | D:1      | Reached XP level 1. HP: 16/16 MP: 1/1
    36 | D:1      | Reached skill level 3 in Axes
    82 | D:1      | Gained mutation: You are partially covered in yellow
                  | scales. (AC +2) [demonic ancestry]
    82 | D:1      | Reached XP level 2. HP: 12/22 MP: 2/2
   391 | D:1      | Found a faded altar of an unknown god.
   805 | D:1      | Reached XP level 3. HP: 21/28 MP: 3/3
  1412 | D:2      | Noticed Robin
  1422 | D:2      | Killed Robin
  1425 | D:2      | Reached skill level 4 in Axes
  1429 | D:2      | Gained mutation: You are mostly covered in yellow scales.
                  | (AC +3) [demonic ancestry]
  1429 | D:2      | Reached XP level 4. HP: 16/34 MP: 4/4
  1891 | D:2      | Slain by a gnoll

Illustrated notes

Levels and vault maps discovered:
D:1:      nzn_arrival_crosshair, layout_basic,
          ebering_ecumenical_altar_abandoned, minmay_tromino_v7
D:2:      layout_basic, uniq_robin

Skill      XL: |  1  2  3  4 |
---------------+-------------+-----
Axes           | 3 4 |  4.2
Fighting       | 3 |  3.1
Throwing       | |  1.7
Dodging        | |  2.6

Action                   |  1- 3 |  4- 6 || total
-------------------------+-------+-------++-------
Melee: War axe           |   109 |    33 ||   142
  Use: Scroll            |     2 |       ||     2
       Potion            |       |     1 ||     1
Armor: Leather armour    |    59 |    11 ||    70
Dodge: Dodged            |    87 |    41 ||   128

Table legend: (Time is in decaauts)
 A = Elapsed time spent in this place.
 B = Non-inter-level travel time spent in this place.
 C = Inter-level travel time spent in this place.
 D = Time resting spent in this place.
 E = Time spent auto-exploring this place.
 F = Levels seen in this place.
 G = Mean time per level.
                   A        B        C        D        E       F      G
               +--------+--------+--------+--------+--------+-----+--------+
         Total |   1936 |   1904 |     32 |    164 |   1392 |   2 |  968.0 |
       Dungeon |   1936 |   1904 |     32 |    164 |   1392 |   2 |  968.0 |
               +--------+--------+--------+--------+--------+-----+--------+

Top non-repeatable levels by time:
     D:1: 1176 daAuts
     D:2: 759 daAuts
